 Dungeon Crawl Stone Soup version 0.24.0-123-gd5b16e6ec5 (webtiles) character file.

Game seed: 12676513085147399557, levelgen mode: deterministic

1050 Norian the Thaumaturge (level 8, -15/41 HPs)
             Began as a Deep Elf Conjurer on Dec 23, 2019.
             Demolished by demivan's ghost (16 damage)
             ... on level 4 of the Dungeon.
             The game lasted 00:08:26 (4555 turns).

Norian the Thaumaturge (Deep Elf Conjurer)          Turns: 4555, Time: 00:08:27

Health: -15/41     AC:  3    Str:  7    XL:     8   Next: 5%
Magic:  3/22       EV: 13    Int: 21    God:
Gold:   99         SH:  0    Dex: 15    Spells: 14/23 levels left

rFire    . . .     SeeInvis .   o - +3 quarterstaff (chaos)
rCold    . . .     Gourm    .   (shield currently unavailable)
rNeg     . . .     Faith    .   a - +0 robe
rPois    .         Spirit   .   (no helmet)
rElec    .         Reflect  .   p - +0 cloak
rCorr    .         Harm     .   (no gloves)
MR       .....                  (no boots)
Stlth    ++........             (no amulet)
HPRegen  0.13/turn              (no ring)
MPRegen  0.18/turn              (no ring)

@: no status effects
A: no striking features
a: no special abilities


You were on level 4 of the Dungeon.
You were not hungry.

You visited 1 branch of the dungeon, and saw 4 of its levels.

You collected 127 gold pieces.
You spent 28 gold pieces at shops.

Inventory:

Hand Weapons
 o - a +3 quarterstaff of chaos (weapon)
Armour
 a - a +0 robe (worn)
 p - a +0 cloak (worn)
Jewellery
 e - an uncursed ring of ice {unknown}
Wands
 k - a wand of flame (31)
 n - a wand of digging (3)
Scrolls
 b - a scroll of teleportation {unknown}
 f - 2 scrolls of enchant weapon {unknown}
 g - 2 scrolls of enchant armour {unknown}
 h - a scroll of magic mapping {unknown}
 m - 2 scrolls of identify
Potions
 i - a potion of brilliance {unknown}
 j - a potion of agility
 l - a potion of mutation {unknown}
 q - a potion of flight {unknown}
Comestibles
 c - 6 rations
 d - a chunk of flesh


   Skills:
 - Level 2.4 Dodging
 - Level 2.4 Stealth
 + Level 8.4 Spellcasting
 + Level 7.9 Conjurations
 + Level 5.0 Hexes


You had 14 spell levels left.
You knew the following spells:

 Your Spells              Type           Power        Failure   Level  Hunger
a - Magic Dart            Conj           ####         1%          1    None
b - Iskenderun's Mystic   Conj           #####...     3%          4    ###....
c - Fulminant Prism       Conj/Hex       #####.....   5%          4    ###....

Your spell library contained the following spells:

 Spells                   Type           Power        Failure   Level  Hunger
 Searing Ray              Conj           #####.       1%          2    None
 Dazzling Spray           Conj/Hex       #####.       1%          3    None
 Force Lance              Conj/Tloc      ####....     16%         4    ###....


Dungeon Overview and Level Annotations

Branches:
Dungeon (4/15)
 Temple: D:4-7

Altars:
Cheibriados
Dithmenos
Nemelex Xobeh
Yredelemnul
Zin

Shops:
D:4 *

Annotations:
D:3 1 transporter
D:4 demivan's ghost, amateur MiFi


Message History

Casting: Iskenderun's Mystic Blast (safe; 3% risk of failure)
Confirm with . or Enter, or press ? or * to list all spells.
You don't have enough magic to cast that spell.
Unknown command.
Casting: Iskenderun's Mystic Blast (safe; 3% risk of failure)
Confirm with . or Enter, or press ? or * to list all spells.
You don't know that spell.
You barely miss demivan's ghost.
Demivan's ghost is lightly damaged.
Demivan's ghost hits you!
You hit demivan's ghost but do no damage.
Demivan's ghost flickers and vanishes!
Deactivating autopickup; reactivate with Ctrl-A.
Something hits you!
You enter the transporter and appear at another place.
Something hits you!
* * * LOW HITPOINT WARNING * * *
Unknown command.
Something hits you!
You die...

#.###################÷####.
#.#..)..©.....# #.# ##
#.#.#..#.#..#.#######'#
#.#..##...##..#'......#
#.#.!##...##..######..#
#.#)#..#.#..#.# #..#
#.#©...$[.....## #..#
#.############## #..#
#.)....©.©@....# #..#
#.#####...###### #..# # #.#
##.## #..# ## #.# #.# #..#
##. #.# #÷# #..# #.. #.#
#.# ##.###.. #.# #.#
#.##... #.# #.# #.##...
#.######.# #.#...#


There were no monsters in sight!

Vanquished Creatures
  Grinder (D:3)
  A phantom (D:4)
  2 ogres (D:4)
  A necrophage (D:4)
  A crimson imp (D:4)
  2 orc wizards
  A centaur skeleton (D:4)
  4 orc priests
  Crazy Yiuf (D:3)
  Jessica (D:2)
  2 worker ants (D:4)
  A worker ant zombie (D:3)
  3 gnolls (D:4)
  An adder (D:3)
  A white imp (D:4)
  A worm (D:3)
  3 dart slugs
  8 leopard geckos
  5 orcs
  7 bats
  2 giant cockroaches
  16 goblins
  8 hobgoblins
  14 jackals
  4 quokkas
  A ball python (D:4)
  4 frilled lizards
  5 kobolds
  8 rats
109 creatures vanquished.

Vanquished Creatures (others)
  3 fulminant prisms
3 creatures vanquished.

Grand Total: 112 creatures vanquished

Notes
Turn   | Place    | Note
-------+----------+-------------------------------------------
     0 | D:1      | Norian the Deep Elf Conjurer began the quest for the Orb.
     0 | D:1      | Reached XP level 1. HP: 10/10 MP: 6/6
   114 | D:1      | Reached XP level 2. HP: 15/15 MP: 5/8
   484 | D:1      | Reached skill level 4 in Spellcasting
   506 | D:1      | Reached skill level 5 in Conjurations
   506 | D:1      | Reached XP level 3. HP: 19/19 MP: 0/10
  1119 | D:2      | Found a snail-covered altar of Cheibriados.
  1189 | D:2      | Found a shadowy altar of Dithmenos.
  1459 | D:2      | Found a glowing silver altar of Zin.
  1459 | D:2      | Noticed an angel
  1539 | D:2      | Found a sparkling altar of Nemelex Xobeh.
  1539 | D:2      | Noticed Jessica
  1545 | D:2      | Killed Jessica
  1545 | D:2      | Reached XP level 4. HP: 24/24 MP: 5/12
  1613 | D:2      | Learned a level 4 spell: Iskenderun's Mystic Blast
  1618 | D:2      | Learned a level 4 spell: Fulminant Prism
  1670 | D:3      | Noticed Grinder
  1681 | D:3      | HP: 1/24 [Grinder (4)]
  1683 | D:3      | Killed Grinder
  1683 | D:3      | Reached skill level 6 in Spellcasting
  1683 | D:3      | Reached XP level 5. HP: 3/28 MP: 0/15
  1683 | D:3      | Reached XP level 6. HP: 3/32 MP: 0/17
  2189 | D:3      | Reached skill level 1 in Hexes
  2461 | D:3      | Found a sparkling altar of Nemelex Xobeh.
  2461 | D:3      | Found a transporter.
  2462 | D:3      | Noticed a yak
  2678 | D:3      | Reached skill level 7 in Spellcasting
  2817 | D:3      | Found a runed translucent door.
  2818 | D:3      | Noticed Crazy Yiuf
  3045 | D:3      | Killed Crazy Yiuf
  3107 | D:4      | Reached XP level 7. HP: 32/36 MP: 6/19
  3319 | D:4      | Found Iprull's General Store.
  3326 | D:4      | Bought a scroll of identify for 28 gold pieces
  3565 | D:4      | HP: 1/36 [white imp/puff of frost (12)]
  4311 | D:4      | Reached skill level 8 in Spellcasting
  4345 | D:4      | Found a basalt altar of Yredelemnul.
  4426 | D:4      | Found a transporter.
  4428 | D:4      | Found a transporter.
  4428 | D:4      | Noticed demivan's ghost (amateur MiFi)
  4551 | D:4      | Reached skill level 5 in Hexes
  4551 | D:4      | Reached XP level 8. HP: 33/41 MP: 2/22
  4554 | D:4      | HP: 1/41 [something (17)]
  4555 | D:4      | Demolished by demivan's ghost

Levels and vault maps discovered:
D:1:      minmay_arrival_semitransparent, layout_loops_ring,
          minmay_misc_feat_five, minmay_misc_feat_pillars
D:2:      layout_loops_ring, zin_angel, cheibriados_altar_1,
          lemuel_doored_altar, nemelex_lonely_heart_becter
D:3:      layout_basic, first_ration, minmay_misc_feat_iff,
          grunt_nemelex_the_gamble, uniq_crazy_yiuf_cottage, uniq_grinder
D:4:      layout_basic, lemuel_coloured_pillars_altar, serial_shops, shop,
          serial_curves, eino_curves_01, eino_curves_03, eino_curves_01,
          eino_curves_02, gammafunk_ghost_smash, minmay_fire_ice_demons

Skill      XL: |  1  2  3  4  5  6  7 |
---------------+----------------------+-----
Spellcasting   | 4 6 7 8 |  8.4
Conjurations   | 5 6 7 |  7.9
Hexes          | 3 5 |  5.0
Dodging        | |  2.4
Stealth        | |  2.4

Action                   |  1- 3 |  4- 6 |  7- 9 || total
-------------------------+-------+-------+-------++-------
Melee: Unarmed           |     5 |     2 |       ||     7
       Quarterstaff      |       |       |    19 ||    19
 Cast: Magic Dart        |    86 |    69 |    51 ||   206
       Iskenderun's Myst |       |     9 |    17 ||    26
       Fulminant Prism   |       |     2 |     1 ||     3
  Use: Potion            |       |     2 |     2 ||     4
 Stab: Paralysed         |       |       |     3 ||     3
  Eat: Chunk             |     1 |     3 |     3 ||     7
       Ration            |       |     1 |     1 ||     2
Armor: Robe              |     4 |       |     2 ||     6
Dodge: Dodged            |    10 |     5 |    16 ||    31
